 Dungeon Crawl Stone Soup version 0.29-a0-723-gce39da1c22 (webtiles) character file.

Game seed: 10084622338210837828

53 ytrimaz the Covered (level 3, 15/15 (29) HPs)
             Began as a Demonspawn Fighter on June 28, 2022.
             Quit the game on level 2 of the Dungeon.
             The game lasted 00:03:42 (1338 turns).

ytrimaz the Covered (Demonspawn Fighter)            Turns: 1338, Time: 00:03:42

HP:   15/15 (29)    AC: 11    Str: 18    XL:     3   Next: 64%
MP:   3/3           EV:  9    Int:  9    God:
Gold: 48            SH:  0    Dex: 12    Spells: 2/2 levels left

rFire   . . .      SeeInvis .   (no weapon)
rCold   . . .      Faith    .   (no shield)
rNeg    . . .      Spirit   +   b - +0 scale mail
rPois   .          Reflect  .   i - +0 helmet
rElec   .          Harm     .   e - +0 cloak
rCorr   .          Rampage  .   (no gloves)
Will    .....                   (no boots)
Stlth   ..........              h - amulet of guardian spirit
HPRegen 0.05/turn               (no ring)
MPRegen 0.08/turn               (no ring)

@: very heavily drained
A: slimy green scales 1, demonic magic 1
a: no special abilities


You were on level 2 of the Dungeon.
You visited 1 branch of the dungeon, and saw 2 of its levels.

You collected 48 gold pieces.

Inventory:

Hand Weapons
 a - a +0 war axe
Armour
 b - a +0 scale mail (worn)
 c - a +0 buckler
 e - a +0 cloak (worn)
 i - a +0 helmet (worn)
Jewellery
 h - an amulet of guardian spirit (around neck)
Scrolls
 f - a scroll of fear {unknown}
 g - a scroll of identify
 k - a scroll of enchant weapon {unknown}
Potions
 j - a potion of attraction


   Skills:
 - Level 3.0 Fighting
 - Level 2.8 Axes
 + Level 3.2 Armour
 + Level 3.1 Shields


You had 2 spell levels left.
You didn't know any spells.
Your spell library was empty.

Dungeon Overview and Level Annotations

Branches:
Dungeon (2/15)

Altars:


Innate Abilities, Weirdness & Mutations

You are partially covered in slimy green scales. (AC +2)
Spells you cast may paralyse adjacent enemies.


Message History

You closely miss the bat.
The bat is moderately wounded.
The bat hits you but does no damage.
You barely miss the bat. The bat hits you but does no damage. x3
You closely miss the bat. The bat barely misses you. x2
The bat hits you but does no damage. x2
You clumsily bash the bat but do no damage.
The bat misses you. The bat hits you but does no damage.
The bat closely misses you.
Found a scroll labelled ZUCAUJ DEPO.
The bat closely misses you.
Found a whip.
The bat hits you but does no damage.
You closely miss the bat. The bat closely misses you.
The bat hits you but does no damage. The bat hits you but does no damage.
The bat hits you but does no damage.
Really unwield
d - the +12 sling of Goazetun {freeze, Drain +Blink rPois Str+8}? [Y]es or [N]o only, please.
Really unwield
d - the +12 sling of Goazetun {freeze, Drain +Blink rPois Str+8}? [Y]es or [N]o only, please.
Really unwield
d - the +12 sling of Goazetun {freeze, Drain +Blink rPois Str+8}?
Okay, then.
Fire: d) +12 sling of Goazetun {freeze, Drain +Blink rPois Str+8}
Press: ? - help, Q - select action, (/) - cycle Shift-Dir - straight line, f/p - bat
Aim: a bat Really unwield
d - the +12 sling of Goazetun {freeze, Drain +Blink rPois Str+8}?
You feel drained.
The +12 sling of Goazetun {freeze, Drain +Blink rPois Str+8} stops glowing.
You shoot the +12 sling of Goazetun {freeze, Drain +Blink rPois Str+8}.
The +12 sling of Goazetun {freeze, Drain +Blink rPois Str+8} misses the bat.
You are now empty-handed.
The bat hits you but does no damage.
Really attack while wielding nothing? [Y]es or [N]o only, please.
Really attack while wielding nothing? [Y]es or [N]o only, please.
Really attack while wielding nothing?
You closely miss the bat. The bat hits you but does no damage.
Unknown command.
Are you sure you want to abandon this character and quit the game? (Confirm with "yes".)

#...........>.......
...
#..........#.#.####
##.#########.#.# #.#
#.#.# #.# ### #.#.#
#.# ...#.#.# #^#
#####.#.#.##### #..
..............# ###
...####.@.b##.#
+.......# #[....?...
+.........
#....##..) ######
... ..


You could see a bat.

Vanquished Creatures
  Jessica (D:2)
  A dart slug (D:1)
  3 ball pythons (D:1)
  A bat (D:1)
  An endoplasm (D:1)
  2 giant cockroaches (D:1)
  4 goblins (D:1)
  3 hobgoblins (D:1)
  4 frilled lizards (D:1)
  3 kobolds
  2 rats (D:1)
25 creatures vanquished.

Notes
Turn   | Place    | Note
-------+----------+-------------------------------------------
     0 | D:1      | ytrimaz the Demonspawn Fighter began the quest for the Orb.
     0 | D:1      | Reached XP level 1. HP: 18/18 MP: 1/1
   186 | D:1      | Gained mutation: You are partially covered in slimy green
                  | scales. (AC +2) [demonic ancestry]
   186 | D:1      | Reached XP level 2. HP: 24/24 MP: 2/2
   831 | D:2      | Noticed Jessica
   847 | D:2      | HP: 1/24 [Jessica/+0 dagger (1)]
   848 | D:2      | Killed Jessica
   849 | D:2      | Gained mutation: Spells you cast may paralyse adjacent
                  | enemies. [demonic ancestry]
   849 | D:2      | Reached XP level 3. HP: 2/29 MP: 0/3
  1281 | D:2      | Identified the +12 sling of Goazetun {freeze, Drain +Blink
                  | rPois Str+8}
  1338 | D:2      | Quit the game

Illustrated notes

Levels and vault maps discovered:
D:1:      denvon_arrival_waterhouse, layout_basic, hex_tiny
D:2:      layout_basic, basic_altar, uniq_jessica

Skill      XL: |  1  2 |
---------------+-------+-----
Axes           | 2 |  2.8
Armour         | 3 |  3.2
Shields        | 3 |  3.1
Fighting       | |  3.0

Action                   || total
-------------------------++-------
Melee: War axe           ||    67
       Sling             ||    11
       Unarmed           ||     5
 Fire: Sling             ||     2
  Use: Potion            ||     2
       Scroll            ||     1
Armor: Scale mail        ||    66
Dodge: Dodged            ||    53
Block: Buckler           ||    17

Table legend: (Time is in decaauts)
 A = Elapsed time spent in this place.
 B = Non-inter-level travel time spent in this place.
 C = Inter-level travel time spent in this place.
 D = Time resting spent in this place.
 E = Time spent auto-exploring this place.
 F = Levels seen in this place.
 G = Mean time per level.
                   A        B        C        D        E       F      G
               +--------+--------+--------+--------+--------+-----+--------+
         Total |   1374 |   1357 |     17 |    395 |    621 |   2 |  687.0 |
       Dungeon |   1374 |   1357 |     17 |    395 |    621 |   2 |  687.0 |
               +--------+--------+--------+--------+--------+-----+--------+

Top non-repeatable levels by time:
     D:1: 820 daAuts
     D:2: 553 daAuts
